 Dungeon Crawl Stone Soup version bcrawl-1.21.3 (webtiles) character file.

Game seed: 17503334733497746497

3408 funkygono the Destroyer (level 10, -2/58 HPs)
             Began as a Fairy Conjurer on Apr 5, 2020.
             Was a Priest of Sif Muna.
             Slain by Gastronok (29 damage)
             ... on level 8 of the Dungeon.
             The game lasted 00:22:55 (7421 turns).

funkygono the Destroyer (Fairy Conjurer)            Turns: 7421, Time: 00:22:55

Health: -2/58      AC:  9    Str:  9    XL:     10   Next: 4%
Magic:  9/34       EV: 18    Int: 25    God:    Sif Muna [***...]
Gold:   609        SH:  6    Dex: 14    Spells: 7/28 levels left

rFire    x . .     SeeInvis .   t - +9 dagger "Yrakho" {pierce, +Fly rElec rF- Int+4}
rCold    . . .     Gourm    .   (shield restricted)
rNeg     . . .     Faith    .   (armour unavailable)
rPois    .         Spirit   .   y - +0 helmet (curse)
rElec    +         Reflect  .   z - scarf {stasis}
rCorr    .         Harm     .   g - +0 pair of gloves
MR       +....                  x - +0 pair of boots
Stlth    +.........             (no amulet)
HPRegen  0.19/turn              m - +3 ring of strength
MPRegen  0.24/turn              k - ring of magical power

@: flying evasively, very slightly contaminated
A: small, magic attunement, unstealthy, unfitting armour, able to fly, AC/SH +6
a: Stop Flying, Divine Energy, Channel Magic, Renounce Religion


You were on level 8 of the Dungeon.
You worshipped Sif Muna.
Sif Muna was most pleased with you.
You were hungry.

You visited 2 branches of the dungeon, and saw 9 of its levels.
You also visited: Sewer.

You collected 609 gold pieces.

Inventory:

Hand Weapons
 c - a +1 short sword
 t - the +9 dagger "Yrakho" (weapon) {pierce, +Fly rElec rF- Int+4}
   (You found it on level 4 of the Dungeon)

   It inflicts extra damage upon your enemies.
   It affects your intelligence (+4).
   It makes you vulnerable to fire.
   It insulates you from electricity.
   It lets you fly.
Missiles
 d - 1333 stones (quivered)
Armour
 g - a +0 pair of gloves (worn)
 x - a +0 pair of boots (worn)
 y - a cursed +0 helmet (worn)
 z - a scarf of stasis (worn)
Jewellery
 f - an uncursed ring of protection from cold
 k - a ring of magical power (right hand)
 m - a +3 ring of strength (left hand)
 r - an uncursed ring of ice
 A - a +5 ring of strength
Wands
 u - a wand of polymorph (11)
Scrolls
 h - 4 scrolls of remove curse
 j - 2 scrolls of fear
 l - a scroll of teleportation
 o - 3 scrolls of amnesia
 s - a scroll of identify
 D - a scroll of blinking
Potions
 a - 9 potions of curing
 b - a potion of magic
 i - a potion of might
 n - 4 potions of brilliance
 p - 3 potions of agility
 q - 6 potions of heal wounds
 v - a potion of ambrosia
 w - a potion of haste
Comestibles
 e - 22 rations {!d}
 C - 5 chunks of flesh


   Skills:
 + Level 1.0 Fighting
 + Level 4.7 Dodging
 + Level 3.3 Stealth
 + Level 9.7 Spellcasting
 + Level 11.0 Conjurations
 * Level 3.0 Fire Magic
 * Level 3.7 Air Magic
 * Level 4.4 Earth Magic
 * Level 1.8 Poison Magic


You had 7 spell levels left.
You knew the following spells:

 Your Spells              Type           Power        Failure   Level  Hunger
a - Magic Dart            Conj           ####         1%          1    None
b - Searing Ray           Conj           ######..     1%          2    None
c - Iskenderun's Mystic   Conj           ######..     1%          3    None
d - Flame Tongue          Conj/Fire      #####        1%          1    None
e - Shock                 Conj/Air       #####        1%          1    None
f - Stone Arrow           Conj/Erth      ######       1%          3    None
g - Bolt of Magma         Conj/Fire/Erth #####.....   11%         5    None
h - Venom Bolt            Conj/Pois      #####.....   10%         5    None

Your spell library contained the following spells:

 Spells                   Type           Power        Failure   Level  Hunger
 Dazzling Spray           Conj/Hex       #####.       1%          3    None
 Swiftness                Chrm/Air       ###.....     3%          2    None
 Static Discharge         Air            ####....     3%          3    None
 Corona                   Hex            ##.....      4%          1    None
 Fulminant Prism          Conj/Hex       #####.....   5%          4    None
 Throw Icicle             Conj/Ice       #####...     5%          4    None
 Lightning Bolt           Conj/Air       #####.....   7%          5    None
 Shackle                  Hex            ##......     8%          2    None
 Inner Flame              Hex/Fire       N/A          9%          3    None
 Airstrike                Air            ####......   11%         4    None
 Irradiate                Conj/Tmut      #####.....   14%         5    None
 False Image              Hex/Summ       ##......     16%         3    None
 Orb of Destruction       Conj           ######....   43%         7    None
 Cause Fear               Hex            ##........   45%         4    None
 Yara's Violent Unravell  Hex/Tmut       ##........   45%         4    None
 Bolt of Cold             Conj/Ice       #####.....   63%         6    None
 Darkness                 Hex            ##........   100%        6    None


Dungeon Overview and Level Annotations

Branches:
Dungeon (8/12)             Temple (1/1) D:5            Lair (0/6) D:8
    Orc: D:8-11

Altars:
Ashenzari
Cheibriados
Dithmenos
Elyvilon
Fedhas
Gozag
Hepliaklqana
Kikubaaqudgha
Lugonu
Makhleb
Okawaru
Qazlal
Sif Muna
Uskayaw
Vehumet
Wu Jian
Xom
Yredelemnul
Zin
The Shining One

Annotations:
D:8 Gastronok


Innate Abilities, Weirdness & Mutations

Your spells do not cause hunger and MP costs are reduced by 1.
Your bright wings attract enemies. (Stealth-)
You cannot fit into any form of body armour.
Your shimmering scales are hard and can block incoming attacks. (AC +6, SH +6)
You are small and have problems with some larger weapons.
You can fly continuously.


Message History

Gastronok casts a spell.
The searing ray misses the bat.
The searing ray hits the ufetubus!
You kill the ufetubus!
You block the bat's attack. The bat hits you but does no damage.
The iron imp barely misses you.
Casting: Searing Ray (safe; 1% risk of failure)
Confirm with . or Enter, or press ? or * to list all spells.
Aiming: Searing Ray (safe; 1% risk of failure)
Press: ? - help, Shift-Dir - straight line, f/p - Gastronok
Aim: Gastronok, wearing the +3 hat of Pondering {ponderous, MR+ MP+10 Int+5} (heavily wounded)
The searing ray hits Gastronok!
Gastronok is severely wounded. (Press . to maintain the ray.)
You block the bat's attack. The iron imp misses you. Gastronok bites you!!
Ouch! That really hurt!
The searing ray hits Gastronok.
Gastronok is severely wounded.
The bat hits you. The bat completely misses you. Gastronok bites you!!
Ouch! That really hurt!
You die...

### ..# #.# ####### . #.#
#...))) ....####.###### #.#####
.....bb@......####.##... #..#
.....5w5...........##.## #..#
......5#.####.###..##.#
#..#####...###.#.## #.# #..##.#
#..#...#.# #.#..###.# #..##.#
#........# #.#.#.#..###..##.#
#........#.###..###...........#
#..............## ##.####.....#
#...............###..####.###.#


You could see Gastronok, an iron imp, a quasit, a crimson imp and 2 bats.

Vanquished Creatures
  A troll (D:8)
  A spriggan (D:7)
  Edmund (D:4)
  A water moccasin (D:6)
  3 ice beasts
  A phantom (D:6)
  3 sky beasts
  3 ogres
  A centaur (D:4)
  4 bullfrogs
  A scorpion (D:4)
  A killer bee (D:5)
  3 howler monkeys
  3 crimson imps
  3 hounds
  4 orc priests (D:6)
  2 gnoll shamans
  2 centaur skeletons (D:6)
  5 iguanas
  12 worker ants
  6 orc wizards
  A hound skeleton (D:7)
  A worker ant zombie (D:7)
  5 adders
  8 gnolls
  A howler monkey skeleton (D:3)
  5 river rats
  2 shadow imps (D:6)
  2 oozes
  2 adder zombies
  2 adder skeletons (D:6)
  A worm (D:4)
  3 dart slugs
  3 leopard geckos
  28 orcs
  4 giant cockroaches
  3 goblins
  6 hobgoblins
  26 kobolds
  4 quokkas
  3 ball pythons (Sewer)
  A ball python skeleton (D:4)
  7 bats
  5 frilled lizards
  A quokka skeleton (D:4)
  26 rats
211 creatures vanquished.

Notes
Turn   | Place    | Note
-------+----------+-------------------------------------------
     0 | D:1      | funkygono the Fairy Conjurer began the quest for the Orb.
     0 | D:1      | Reached XP level 1. HP: 11/11 MP: 6/6
    59 | D:1      | Reached skill level 5 in Conjurations
    71 | D:1      | Reached XP level 2. HP: 17/17 MP: 7/7
    75 | D:1      | Learned a level 2 spell: Searing Ray
   679 | D:2      | Reached XP level 3. HP: 21/21 MP: 9/9
   684 | D:2      | Learned a level 3 spell: Iskenderun's Mystic Blast
   879 | D:2      | Reached skill level 6 in Conjurations
   879 | D:2      | Reached XP level 4. HP: 17/27 MP: 6/10
  1144 | D:2      | Found a shimmering altar of Xom.
  1146 | D:2      | Found an ornate altar of the Wu Jian Council.
  1146 | D:2      | Found a shadowy altar of Dithmenos.
  1148 | D:2      | Found a sacrificial altar of Ru.
  1148 | D:2      | Found an ancient bone altar of Kikubaaqudgha.
  1148 | D:2      | Found a sparkling altar of Nemelex Xobeh.
  1605 | D:3      | Reached XP level 5. HP: 31/31 MP: 12/12
  1654 | D:3      | Reached skill level 7 in Conjurations
  2267 | D:3      | Found a shimmering blue altar of Sif Muna.
  2272 | D:3      | Became a worshipper of Sif Muna the Loreminder
  2364 | D:4      | Found a glowing drain.
  2368 | D:4      | Reached XP level 6. HP: 36/36 MP: 14/14
  2421 | Sewer    | Entered a sewer
  2686 | Sewer    | Reached * piety under Sif Muna
  2721 | Sewer    | Reached skill level 5 in Spellcasting
  3402 | D:4      | Reached XP level 7. HP: 42/42 MP: 17/17
  3474 | D:4      | Reached ** piety under Sif Muna
  3474 | D:4      | Received a gift from Sif Muna
  3475 | D:4      | Noticed Edmund
  3488 | D:4      | Killed Edmund
  3488 | D:4      | Reached skill level 8 in Conjurations
  3636 | D:4      | Found a blossoming altar of Fedhas.
  3651 | D:4      | Got a scorched dagger
  4049 | D:4      | Identified the +9 dagger "Yrakho" {pierce, +Fly rElec rF-
                  | Int+4} (You found it on level 4 of the Dungeon)
  4069 | D:5      | Entered Level 5 of the Dungeon
  4166 | D:5      | Reached XP level 8. HP: 47/47 MP: 20/20
  4383 | D:5      | Found a staircase to the Ecumenical Temple.
  4392 | Temple   | Entered the Ecumenical Temple
  4786 | D:5      | Reached skill level 9 in Conjurations
  5470 | D:6      | Reached skill level 10 in Conjurations
  5471 | D:6      | Reached XP level 9. HP: 47/52 MP: 23/23
  5660 | D:6      | Identified Faezo's Compendium of Battle Magic (Sif Muna
                  | gifted it to you on level 6 of the Dungeon)
  5660 | D:6      | Received a gift from Sif Muna
  5711 | D:6      | Learned a level 1 spell: Flame Tongue
  5714 | D:6      | Learned a level 1 spell: Shock
  5722 | D:6      | Learned a level 3 spell: Stone Arrow
  5728 | D:6      | Learned a level 5 spell: Bolt of Magma
  5912 | D:7      | Reached skill level 1 in Air Magic
  5976 | D:7      | Reached *** piety under Sif Muna
  5976 | D:7      | Reached skill level 1 in Earth Magic
  6505 | D:7      | Reached skill level 1 in Fire Magic
  6753 | D:8      | Noticed a troll
  6763 | D:8      | Killed a troll
  6763 | D:8      | Reached skill level 11 in Conjurations
  6765 | D:8      | Reached skill level 1 in Fighting
  7092 | D:8      | Found a staircase to the Lair.
  7138 | D:8      | Identified Sif Muna's Handbook of Harmful Execration (Sif
                  | Muna gifted it to you on level 8 of the Dungeon)
  7138 | D:8      | Received a gift from Sif Muna
  7146 | D:8      | Learned a level 5 spell: Venom Bolt
  7219 | D:8      | Reached XP level 10. HP: 58/58 MP: 25/25
  7332 | D:8      | Reached skill level 1 in Poison Magic
  7407 | D:8      | Noticed Gastronok
  7421 | D:8      | Slain by Gastronok

Skill      XL: |  1  2  3  4  5  6  7  8  9 10 |
---------------+-------------------------------+-----
Conjurations   | 5 6 7 8 10 11 | 11.0
Dodging        | 3 4 |  4.7
Spellcasting   | 3 4 5 7 8 9 |  9.7
Stealth        | 2 3 |  3.3
Air Magic      | 3 |  3.7
Earth Magic    | 4 |  4.4
Fire Magic     | 2 3 |  3.0
Fighting       | 1 |  1.0
Poison Magic   | 1 |  1.8

Action                   |  1- 3 |  4- 6 |  7- 9 | 10-12 || total
-------------------------+-------+-------+-------+-------++-------
 Cast: Magic Dart        |    50 |   113 |    87 |     5 ||   255
       Iskenderun's Myst |     1 |    43 |    57 |     4 ||   105
       Searing Ray       |     1 |     9 |    19 |     2 ||    31
       Flame Tongue      |       |       |    66 |       ||    66
       Stone Arrow       |       |       |     3 |       ||     3
       Bolt of Magma     |       |       |     2 |     6 ||     8
  Use: Scroll            |     4 |     7 |     7 |       ||    18
  Eat: Chunk             |       |     4 |     8 |       ||    12
       Ration            |       |     1 |     1 |       ||     2
Armor: Skin              |     1 |     3 |     8 |     1 ||    13
Dodge: Dodged            |    12 |    43 |    38 |     3 ||    96
Block: Other             |       |    14 |    14 |     3 ||    31
